 Dungeon Crawl Stone Soup version 0.31-a0-819-gf6de2f5ab6 (webtiles) character file.

Game seed: 7121063598531328026

182 Kurtz the Chopper (level 5, -2/36 HPs)
             Began as an Octopode Fighter on Sept 23, 2023.
             Killed from afar by a white imp (15 damage)
             ... with a puff of frost
             ... on level 4 of the Dungeon.
             The game lasted 00:01:55 (2859 turns).

Kurtz the Chopper (Octopode Fighter)                Turns: 2859, Time: 00:01:56

Health: -2/36      AC:  1    Str: 17      XL:     5   Next: 61%
Magic:  5/5        EV: 13    Int:  9 (10) God:
Gold:   133        SH:  4    Dex:  9 (12) Spells: 4/4 levels left

rFire   . . .        a - +0 war axe
rCold   . . .        b - +0 buckler
rNeg    . . .        (helmet restricted)
rPois   +            (no amulet)
rElec   .            m - ring of poison resistance
rCorr   .            (no ring)
SInv    .            (no ring)
Will    .....        (no ring)
Stlth   ++           (no ring)
HPRegen 0.26/turn    (no ring)
MPRegen 0.09/turn    (no ring)
                     (no ring)

%: no passive effects
@: no status effects
A: almost no armour, amphibious, 8 rings, camouflage 1, gelatinous body 1,
(nimble swimmer 1), tentacles
a: no special abilities


You were on level 4 of the Dungeon.
You visited 1 branch of the dungeon, and saw 4 of its levels.

You collected 133 gold pieces.

Inventory:

Hand Weapons
 a - a +0 war axe (weapon)
Missiles
 k - 2 throwing nets
Armour
 b - a +0 buckler (worn)
Jewellery
 m - a ring of poison resistance (left tentacle)
Scrolls
 d - a scroll of blinking {unknown}
 g - 3 scrolls of fear {unknown}
 i - a scroll of fog {unknown}
 j - 2 scrolls of revelation {unknown}
 n - 6 scrolls of teleportation {unknown}
 p - 2 scrolls of identify {unknown}
 q - a scroll of enchant weapon {unknown}
Potions
 c - 2 potions of might
 e - a potion of degeneration
 f - 2 potions of curing
 h - 2 potions of lignification {unknown}
 l - a potion of mutation {unknown}
 o - a potion of resistance {unknown}


   Skills:
 - Level 3.0 Fighting
 * Level 5.6 Axes
 - Level 3.0 Dodging
 - Level 3.0 Shields


You had 4 spell levels left.
You didn't know any spells.
Your spell library contained the following spells:

 Spells                   Type           Power      Damage    Failure   Level
 Ozocubu's Armour         Ice            0%         N/A       83%         3
 Metabolic Englaciation   Hex/Ice        0%         N/A       100%        5
 Simulacrum               Ice/Necr       0%         N/A       100%        6


Dungeon Overview and Level Annotations

Branches:
Dungeon (4/15)
 Temple: D:4-7

Altars:

Shops:
D:3 [

Annotations:
D:2 1 runed translucent door, Crazy Yiuf
D:3 3 runed translucent doors, Splishie's ghost, amateur GnSh


Innate Abilities, Weirdness & Mutations

You cannot wear most types of armour.
You are amphibious.
You can wear up to eight rings at the same time.
Your skin changes colour to match your surroundings (Stealth+).
Your rubbery body absorbs attacks. (AC +1, EV +1)
((You are camouflaged when in or above water. (Stealth+)))
You have tentacles for arms and can constrict up to eight enemies at once.


Message History

No target in view!
No target in view!
HP restored.
An orc priest is nearby!
A white imp and an orc come into view.
The orc moves out of view.
The orc priest hits you with a +0 trident!
You closely miss the orc priest.
The orc shouts!
You grab the orc priest. You constrict the orc priest.
The orc priest hits you with a +0 trident.
The orc priest hits you with a +0 trident!
You hit the orc priest.
You squeeze the orc priest, but do no damage.
The orc priest is heavily wounded.
You constrict the orc priest, but do no damage.
The orc priest closely misses you.
You hit the orc priest but do no damage.
You squeeze the orc priest, but do no damage.
The orc priest is heavily wounded.
You constrict the orc priest. The orc priest closely misses you.
The white imp shouts!
You hit the orc priest.
You kill the orc priest!
You hit the orc. You block the orc's attack.
Unknown command.
You completely miss the orc. You grab the orc.
The orc is lightly wounded.
You constrict the orc. You block the orc's attack. The orc closely misses you.
The white imp shouts, "Face thy requiem, thou venomed mumble-news mish-mash!"
You hit the orc.
You kill the orc!
The white imp sputters.
The white imp gestures at you. The puff of frost hits you!
An orc comes into view. It is wielding a +0 short sword.
Unknown command.
The white imp gestures at you. The puff of frost hits you!
You die...

# ...... .. ###....# ...
#......# .... #.....#
.....#.....###
....#.........####
.......#..)....#....#
..........5....#....#
............†@.##..##
.............#.##..##. .
.....#.o####..#..... ..
...#..#>..........
#.###.#.#..............
#....##.....#..###.##...
#.......#...##### ## .
..###..<###...#.####
##.#####.....#.##


You could see a white imp and an orc.

Vanquished Creatures
  A scorpion (D:3)
  An orc priest (D:4)
  An orc wizard (D:3)
  3 dart slugs
  8 orcs
  7 ball pythons
  3 bats
  4 endoplasms
  2 giant cockroaches
  4 goblins
  3 hobgoblins
  4 kobolds
  5 quokkas
  3 frilled lizards (D:3)
  5 rats
54 creatures vanquished.

Notes
Turn   | Place    | Note
-------+----------+-------------------------------------------
     0 | D:1      | Kurtz the Octopode Fighter began the quest for the Orb.
     0 | D:1      | Reached XP level 1. HP: 16/16 MP: 1/1
   169 | D:2      | Reached XP level 2. HP: 21/21 MP: 2/2
   390 | D:1      | Reached skill level 3 in Axes
   755 | D:1      | Reached XP level 3. HP: 26/26 MP: 3/3
  1204 | D:2      | Found a faded altar of an unknown god.
  1470 | D:2      | Found a runed translucent door.
  1471 | D:2      | Noticed Crazy Yiuf
  1835 | D:3      | Found Duomo's Armour Shop.
  1836 | D:3      | Found a runed translucent gate.
  1858 | D:3      | Reached skill level 4 in Axes
  1910 | D:3      | Found a runed translucent gate.
  1911 | D:3      | Found a runed translucent gate.
  2062 | D:3      | Noticed Splishie's ghost (amateur GnSh)
  2073 | D:3      | Noticed a scorpion
  2077 | D:3      | Killed a scorpion
  2078 | D:3      | Reached XP level 4. HP: 15/31 MP: 4/4
  2597 | D:3      | Reached skill level 5 in Axes
  2599 | D:3      | Reached XP level 5. HP: 35/36 MP: 5/5
  2859 | D:4      | Killed from afar by a white imp

Illustrated notes

Levels and vault maps discovered:
D:1:      dpeg_arrival_oval, layout_basic
D:2:      layout_basic, basic_ecumenical_altar, uniq_crazy_yiuf_cottage
D:3:      layout_loops_ring, gammafunk_ghost_split, serial_shops,
          nicolae_shop_window_shopping
D:4:      layout_cave_pools, tso_metal_star, minmay_temple_entry_junction_2

Skill      XL: |  1  2  3  4 |
---------------+-------------+-----
Axes           | 3 4 5 |  5.6
Fighting       | |  3.0
Dodging        | |  3.0
Shields        | |  3.0

Action                     |  1- 3 |  4- 6 || total
---------------------------+-------+-------++-------
  Melee: War axe           |    64 |    24 ||    88
         Constrict         |    18 |     6 ||    24
         Tentacles         |     9 |     6 ||    15
    Use: Potion            |       |     3 ||     3
   Stab: Sleeping          |     4 |     1 ||     5
 Armour: Skin              |    19 |    20 ||    39
  Dodge: Dodged            |    22 |    18 ||    40
  Block: Buckler           |    14 |     6 ||    20

Table legend: (Time is in decaauts)
 A = Elapsed time spent in this place.
 B = Non-inter-level travel time spent in this place.
 C = Inter-level travel time spent in this place.
 D = Time resting spent in this place.
 E = Time spent auto-exploring this place.
 F = Levels seen in this place.
 G = Mean time per level.
                   A        B        C        D        E       F      G
               +--------+--------+--------+--------+--------+-----+--------+
         Total |   2891 |   2648 |    243 |    347 |   1934 |   4 |  722.8 |
       Dungeon |   2891 |   2648 |    243 |    347 |   1934 |   4 |  722.8 |
               +--------+--------+--------+--------+--------+-----+--------+

Top non-repeatable levels by time:
     D:3: 1083 daAuts
     D:2: 860 daAuts
     D:1: 837 daAuts
     D:4: 110 daAuts
